 Dungeon Crawl Stone Soup version 0.24.1 (webtiles) character file.

Game seed: 16770726742613507151, levelgen mode: deterministic

129595 Fukker the Cruncher (level 16, -19/152 HPs)
             Began as a Deep Dwarf Fighter on Mar 30, 2020.
             Was the Champion of Makhleb.
             Shot with a bolt by Vashnia (25 damage)
             ... on level 2 of the Snake Pit on Mar 31, 2020.
             The game lasted 01:34:18 (20228 turns).

Fukker the Cruncher (Deep Dwarf Fighter)           Turns: 20228, Time: 01:34:19

Health: -19/152    AC: 22    Str: 34    XL:     16   Next: 51%
Magic:  32/32 (22) EV: 15    Int: 17    God:    Makhleb [******]
Gold:   722        SH:  0    Dex: 17    Spells: 19/26 levels left

rFire    + + +     SeeInvis +   X - +9 lajatang of the Dwarven Hall {flame, rPois Str+4}
rCold    x x .     Gourm    .   (shield currently unavailable)
rNeg     + . .     Faith    .   K - +4 fire dragon scales
rPois    +         Spirit   .   J - +3 hat of Pondering {ponderous, MR+ MP+10 Int+5}
rElec    +         Reflect  .   V - +1 cloak {rPois}
rCorr    .         Harm     .   S - +2 pair of gloves {Str+3}
MR       +++..     NoTele   +   O - +0 pair of boots (curse)
Stlth    ..........             (no amulet)
HPRegen  0.00/turn              C - ring "Zimees" {Fire -Tele rPois Dex+4 Slay+5}
MPRegen  0.23/turn              G - ring "Nemn" {rElec Str+4 Slay+4}

@: non-regenerating, slow
A: damage resistance, heal wounds, see invisible, deformed body, negative energy
resistance 1, sense surroundings 2, no regeneration
a: Heal Wounds, Minor Destruction, Lesser Servant of Makhleb, Major Destruction,
Greater Servant of Makhleb, Renounce Religion


You were on level 2 of the Snake Pit.
You worshipped Makhleb.
Makhleb was exalted by your worship.
You were not hungry.

You visited 4 branches of the dungeon, and saw 24 of its levels.
You also visited: Ossuary, Bailey and Ice Cave.

You collected 2730 gold pieces.
You spent 2008 gold pieces at shops.

Inventory:

Hand Weapons
 X - the +9 lajatang of the Dwarven Hall (weapon) {flame, rPois Str+4}
   (You took it off a centaur on level 8 of the Dungeon)

   It has been specially enchanted to burn those struck by it, causing extra
   injury to most foes and up to half again as much damage against particularly
   susceptible opponents.
   Big, fiery blades are also staple armaments of hydra-hunters.
   It affects your strength (+4).
   It protects you from poison.
Missiles
 w - 9 curare-tipped darts (quivered)
Armour
 J - the +3 hat of Pondering (worn) {ponderous, MR+ MP+10 Int+5}
   (You took it off Gastronok on level 3 of the Lair of Beasts)

   It affects your intelligence (+5).
   It affects your resistance to hostile enchantments.
   It affects your magic capacity (+10).
 K - +4 fire dragon scales (worn)
 O - a cursed +0 pair of boots (worn)
 S - a +2 pair of gloves of strength (worn)
 V - a +1 cloak of poison resistance (worn)
Jewellery
 m - an uncursed ring of resist corrosion
 C - the ring "Zimees" (left hand) {Fire -Tele rPois Dex+4 Slay+5}
   (You found it on level 4 of the Dungeon)

   [ring of fire]

   It enhances your fire magic.
   It affects your dexterity (+4).
   It affects your accuracy and damage with ranged weapons and melee attacks
   (+5).
   It protects you from fire.
   It makes you vulnerable to cold.
   It protects you from poison.
   It prevents most forms of teleportation.
 G - the ring "Nemn" (right hand) {rElec Str+4 Slay+4}
   (You bought it in a shop on level 2 of the Orcish Mines)

   [ring of slaying]

   It affects your strength (+4).
   It affects your accuracy and damage with ranged weapons and melee attacks
   (+4).
   It insulates you from electricity.
 T - the ring "Pokisaho" {Wiz rF+ Dex+3}
   (You found it on level 6 of the Lair of Beasts)

   [ring of wizardry]

   It improves your spell success rate.
   It affects your dexterity (+3).
   It protects you from fire.
 U - the ring "Doqoem" {rPois MR+ Dex+4}
   (You found it on level 8 of the Dungeon)

   [ring of protection from magic]

   It affects your dexterity (+4).
   It protects you from poison.
   It affects your resistance to hostile enchantments.
Wands
 b - a wand of digging (5)
 q - a wand of paralysis (24)
 s - a wand of iceblast (19)
 y - a wand of acid (59)
 z - a wand of disintegration (21)
 N - a wand of clouds (2)
Scrolls
 c - a scroll of torment
 i - 17 scrolls of teleportation
 j - a scroll of summoning
 k - 5 scrolls of blinking
 l - 4 scrolls of magic mapping
 n - 6 scrolls of fear
 o - 17 scrolls of remove curse
 t - 9 scrolls of fog
 x - 9 scrolls of enchant weapon
 L - 3 scrolls of identify
 M - 3 scrolls of immolation
 P - a scroll of vulnerability
 R - 2 scrolls of silence
Potions
 a - 6 potions of curing
 d - 4 potions of might
 h - a potion of ambrosia
 u - 6 potions of invisibility
 v - 3 potions of cancellation
 A - 4 potions of agility
 H - 4 potions of resistance
 I - a potion of flight
 Q - 2 potions of berserk rage
 W - 5 potions of heal wounds
 Y - 2 potions of haste
 Z - 7 potions of mutation
Miscellaneous
 e - a lightning rod (4/4)
 p - 2 phantom mirrors
Comestibles
 f - 43 rations


   Skills:
 + Level 11.8 Fighting
   Level 7.7(11.7) Axes
   Level 11.8(14.5) Polearms
 - Level 13.1(14.7) Staves
 - Level 3.0 Throwing
 * Level 11.3 Armour
 - Level 7.1 Dodging
 - Level 0.5 Stealth
   Level 4.1 Shields
 - Level 5.6 Spellcasting
 - Level 6.1 Hexes
 - Level 6.1 Necromancy
 * Level 11.3 Invocations
 + Level 0.4 Evocations


You had 19 spell levels left.
You knew the following spells:

 Your Spells              Type           Power        Failure   Level  Hunger
a - Animate Skeleton      Necr           N/A          1%          1    None
b - Confusing Touch       Hex            ####..       1%          1    None
c - Animate Dead          Necr           N/A          21%         4    ####...
d - Apportation           Tloc           #.....       26%         1    None

Your spell library contained the following spells:

 Spells                   Type           Power        Failure   Level  Hunger
 Pain                     Necr           ####         1%          1    None
 Confuse                  Hex            ####....     6%          3    ##.....
 Vampiric Draining        Necr           ####......   6%          3    ##.....
 Freeze                   Ice            #...         26%         1    None
 Sandblast                Erth           #.....       26%         1    None
 Shock                    Conj/Air       #...         26%         1    None
 Sting                    Conj/Pois      #...         26%         1    None
 Summon Small Mammal      Summ           #...         26%         1    None
 Passwall                 Tmut/Erth      #.......     36%         2    #......
 Poisonous Vapours        Pois/Air       #.....       36%         2    #......
 Swiftness                Chrm/Air       #.......     36%         2    #......
 Throw Frost              Conj/Ice       #.....       36%         2    #......
 Gell's Gravitas          Tloc           #.........   58%         3    ##.....
 Mephitic Cloud           Conj/Pois/Air  #.......     58%         3    ##.....
 Ozocubu's Armour         Chrm/Ice       #.......     58%         3    ##.....
 Static Discharge         Conj/Air       #.......     58%         3    ##.....
 Stone Arrow              Conj/Erth      #.....       58%         3    ##.....
 Metabolic Englaciation   Hex/Ice        ###.......   89%         5    ######.
 Yara's Violent Unravell  Hex/Tmut       ###.......   89%         5    ######.
 Airstrike                Air            #.........   94%         4    ####...
 Olgreb's Toxic Radiance  Pois           #.......     94%         4    ####...
 Petrify                  Tmut/Erth      #.......     94%         4    ####...
 Summon Ice Beast         Ice/Summ       #.......     94%         4    ####...
 Summon Lightning Spire   Summ/Air       #.......     94%         4    ####...
 Throw Icicle             Conj/Ice       #.......     94%         4    ####...
 Bolt of Magma            Conj/Fire/Erth #.........   100%        5    ######.
 Lee's Rapid Deconstruct  Erth           #.........   100%        5    ######.
 Lightning Bolt           Conj/Air       #.........   100%        5    ######.
 Venom Bolt               Conj/Pois      #.........   100%        5    ######.
 Statue Form              Tmut/Erth      #........    100%        6    #######
 Haunt                    Necr/Summ      ###.......   100%        7    #######
 Borgnjor's Revivificati  Necr           ####......   100%        8    #######
 Death's Door             Chrm/Necr      ###.......   100%        8    #######
 Infestation              Necr           ####......   100%        8    #######
 Necromutation            Tmut/Necr      ###.......   100%        8    #######
 Regeneration             Chrm/Necr      Unusable     N/A         3    N/A

Dungeon Overview and Level Annotations

Branches:
Dungeon (13/15)            Temple (0/1) D:4            Lair (6/6) D:11
 Shoals (0/4) Lair:3        Snake (3/4) Lair:3        Slime (0/5) Lair:6
    Orc (2/2) D:11            Elf (0/3) Orc:2        Vaults (0/5) D:13
Ossuary (visited)          Bailey (visited)           IceCv (visited)

Altars:
Hepliaklqana
Makhleb
Okawaru
Ru
Uskayaw
Jiyva

Shops:
D:7 (   D:10 ?   D:12 *   Orc:2 :!(*=   Snake:3 [

Portals:
Pandemonium: Orc:2

Annotations:
Snake:2 3 runed translucent doors, Chiseanne's ghost, adept SpAs; Vashnia


Innate Abilities, Weirdness & Mutations

You are resistant to damage.
You can heal yourself by infusing magical energy.
You resist negative energy. (rN+)
You passively map the area around you.
You do not regenerate.
You have supernaturally acute eyesight. (SInv)
Armour fits poorly on your strangely shaped body.


Message History

The naga sharpshooter shoots a bolt.
The bolt hits you!
Vashnia shoots a bolt.
The bolt hits you!!
* * * LOW HITPOINT WARNING * * *
The naga sharpshooter mumbles some strange words.
The naga sharpshooter magically shoots a bolt.
The bolt hits you but does no damage.
The naga sharpshooter casts a spell.
The naga sharpshooter magically shoots a bolt.
The bolt hits you!
* * * LOW HITPOINT WARNING * * *
There is a stone staircase leading down, spattered with blood here.
You see here 32 bolts.
Okay, then.
The naga sharpshooter mumbles some strange words.
The naga sharpshooter magically shoots a bolt.
The bolt hits you!
* * * LOW HITPOINT WARNING * * *
The naga sharpshooter shoots a bolt.
The bolt hits you but does no damage.
Vashnia shoots a bolt.
The bolt hits you!!
You die...

* , , * #..#.+N #.....#...
##...+N #.#.....< #
##...+S #.....>...#
#....#W ##%...... .##
#....#S *.....N...N..#
####....## *
.....NN.#N..###..†......
,,.N.....[.N..............
,**#...@†...##....###... *
#...[.........## ... **
#....(....#### ... ** ,
#....###...# *## , **
#....# # ..# * , ....(#
,.# * ** .#...## * # ,, ,
, .##### , , , *


You could see Vashnia, 4 naga sharpshooters, a naga mage and a naga.

Vanquished Creatures
  3 nagarajas
  A frost giant (IceCv)
  A fire dragon (D:10)
  A yaktaur captain (D:10)
  2 vault guards (D:13)
  A great orb of eyes (D:10)
  5 naga warriors
  Erica (D:11)
  A merfolk avatar (Lair:6)
  2 hydras
  A death knight (D:12)
  7 anacondas
  A catoblepas (Lair:5)
  2 two-headed ogres (D:13)
  5 death yaks (Lair:6)
  A naga sharpshooter (Snake:1)
  2 shock serpents
  A soul eater (Orc:2)
  A deep elf knight (Bailey)
  4 orc high priests (Orc:2)
  Sonja (Lair:5)
  A salamander mystic (Snake:3)
  An unseen horror (D:12)
  3 sea snakes (Lair:6)
  2 gelid demonspawn (Orc:2)
  2 wizards
  5 naga ritualists
  5 orc knights (Orc:2)
  Pikel (D:7)
  6 orc sorcerers (Orc:2)
  2 ugly things
  6 mana vipers
  2 oklob plants (Lair:6)
  A manticore (Lair:6)
  9 deep elf magi
  A cyclops (D:11)
  3 salamanders
  Joseph (D:9)
  11 elephants (Lair:6)
  2 guardian serpents (Snake:3)
  An ice statue (IceCv)
  13 spiny frogs
  A torpor snail (Lair:6)
  24 black mambas
  Psyche (D:10)
  15 naga magi
  4 gargoyles
  9 rime drakes
  7 komodo dragons
  2 yaktaurs (D:13)
  An ice devil (Orc:2)
  A hellwing (Orc:2)
  21 polar bears
  4 trolls
  7 hippogriffs
  A slime creature (D:13)
  Grinder (D:5)
  A wind drake (Lair:6)
  22 blink frogs
  A snapping turtle (Lair:3)
  3 dream sheep (Lair:6)
  The ghost of kandel6 the Digger, an amateur DEEE of Nemelex Xobeh (D:6)
  A water elemental (D:12)
  4 wyverns
  A basilisk (Lair:6)
  4 vampire mosquitoes (D:12)
  36 yaks
  A chaos spawn (Orc:2)
  20 humans (D:13)
  A neqoxec (Orc:2)
  Menkaure (D:5)
  2 hungry ghosts
  2 wargs
  26 nagas
  An acid dragon (D:13)
  15 water moccasins
  4 porcupines
  20 orc warriors
  2 phantoms
  5 black bears
  An eye of draining (D:8)
  5 ice beasts
  4 sky beasts
  4 slaves (D:7)
  11 ogres
  4 boggarts (Lair:6)
  2 centaurs
  20 wolves
  9 crocodiles
  18 bullfrogs
  2 wyvern zombies
  A water moccasin zombie (Ossuary)
  5 scorpions
  16 wights
  10 killer bees
  8 howler monkeys
  5 electric eels
  2 crimson imps
  6 bullfrog zombies
  5 centaur zombies
  A quasit (D:8)
  22 orc priests
  14 hounds
  7 jellies
  3 bullfrog skeletons
  5 centaur skeletons
  2 gnoll shamans
  15 mummies (Ossuary)
  3 iguanas
  12 orc wizards
  8 worker ants
  2 killer bee zombies
  2 hound zombies
  2 hound skeletons
  A worker ant zombie (Ossuary)
  A howler monkey zombie (Ossuary)
  8 gnolls
  14 adders
  4 oozes
  An adder skeleton (D:5)
  3 dart slugs
  4 leopard geckos
  57 orcs
  14 bats
  8 giant cockroaches
  10 goblins
  5 hobgoblins
  10 jackals
  3 quokkas
  4 frilled lizards
  2 jackal skeletons
  7 kobolds
  3 leopard gecko zombies (Ossuary)
  A quokka zombie (D:5)
  6 rats
  2 fungi
799 creatures vanquished.

Vanquished Creatures (collateral kills)
  Gastronok (Lair:3)
  Nessos (Lair:5)
  Erolcha (D:11)
  3 anacondas
  2 shock serpents (Snake:3)
  2 naga sharpshooters
  The ghost of Meduen the Covert, a novice KoEn of Dithmenos (Lair:1)
  A salamander mystic (Snake:1)
  An orc sorcerer (Orc:2)
  A mana viper (Snake:3)
  2 salamanders (Snake:1)
  An elephant (Lair:6)
  2 black mambas (Snake:1)
  A spiny frog (Lair:6)
  A komodo dragon (Lair:4)
  A red devil (Orc:2)
  3 polar bears (IceCv)
  A dream sheep (Lair:6)
  A water elemental (D:12)
  4 yaks
  5 nagas
  2 water moccasins
  2 orc warriors (Orc:2)
  An eye of draining (D:11)
  A water moccasin skeleton (D:11)
  An electric eel (D:12)
  An orc priest (Orc:2)
  3 orc wizards
  6 orcs
  3 fungi
  5 plants
61 creatures vanquished.

Vanquished Creatures (others)
  A wizard (D:13)
  A wolf (IceCv)
  An adder (D:12)
  10 fungi (Lair:6)
  23 plants
  A withered plant (Ossuary)
37 creatures vanquished.

Grand Total: 897 creatures vanquished

Notes
Turn   | Place    | Note
-------+----------+-------------------------------------------
     0 | D:1      | Fukker the Deep Dwarf Fighter began the quest for the Orb.
     0 | D:1      | Reached XP level 1. HP: 20/20 MP: 1/1
   115 | D:1      | Reached XP level 2. HP: 27/27 MP: 2/2
   322 | D:1      | Reached XP level 3. HP: 30/33 MP: 3/3
   858 | D:2      | Reached XP level 4. HP: 20/40 MP: 4/4
   996 | D:2      | Reached skill level 5 in Axes
  1512 | D:3      | Reached XP level 5. HP: 36/46 MP: 5/5
  1539 | D:3      | Found a burning altar of Makhleb.
  1546 | D:3      | Became a worshipper of Makhleb the Destroyer
  2159 | D:4      | Noticed an ogre
  2171 | D:4      | Killed an ogre
  2171 | D:4      | Reached skill level 1 in Throwing
  2171 | D:4      | Reached XP level 6. HP: 27/55 MP: 6/6
  2425 | D:4      | Got a jewelled trident
  2426 | D:4      | Identified the +6 trident "Vebem" {speed, *Contam rF+
                  | Dex+6} (You found it on level 4 of the Dungeon)
  2446 | D:4      | Found a staircase to the Ecumenical Temple.
  2660 | D:4      | Got a clouded bronze ring
  2738 | D:4      | Identified the ring "Zimees" {Fire -Tele rPois Dex+4
                  | Slay+5} (You found it on level 4 of the Dungeon)
  2871 | D:5      | Entered Level 5 of the Dungeon
  2882 | D:5      | Reached XP level 7. HP: 28/61 MP: 7/7
  2893 | D:5      | Reached skill level 1 in Polearms
  2967 | D:5      | Found a sand-covered staircase.
  2971 | Ossuary  | Entered an ossuary
  2987 | Ossuary  | Reached * piety under Makhleb
  3114 | Ossuary  | Reached XP level 8. HP: 31/68 MP: 8/8
  3198 | Ossuary  | Reached skill level 5 in Polearms
  3318 | D:5      | Noticed Grinder
  3335 | D:5      | Killed Grinder
  3387 | D:5      | Noticed Menkaure
  3392 | D:5      | Killed Menkaure
  3392 | D:5      | Reached ** piety under Makhleb
  3393 | D:5      | Found a hazy altar of Hepliaklqana.
  3401 | D:5      | Found a hide-covered altar of Uskayaw.
  3405 | D:5      | Found an iron altar of Okawaru.
  3573 | D:5      | Reached skill level 1 in Invocations
  3913 | D:6      | Gained mutation: You passively map the area around you.
                  | [Deep Dwarf growth]
  3913 | D:6      | Reached XP level 9. HP: 74/74 MP: 9/9
  4170 | D:6      | Found a runed translucent door.
  4184 | D:6      | Noticed kandel6's ghost (amateur DEEE)
  4267 | D:6      | Reached *** piety under Makhleb
  4321 | D:6      | Reached skill level 5 in Invocations
  4659 | D:6      | Killed kandel6's ghost
  4974 | D:7      | Found Ibamal's Weapon Shoppe.
  5326 | D:7      | Noticed Pikel
  5355 | D:7      | Killed Pikel
  5516 | D:7      | Learned a level 1 spell: Animate Skeleton
  5552 | D:8      | Reached skill level 10 in Polearms
  5553 | D:8      | Reached XP level 10. HP: 70/84 MP: 12/12
  5653 | D:8      | Found a flagged portal.
  5669 | Bailey   | Entered a bailey
  5677 | Bailey   | Noticed a deep elf mage
  5682 | Bailey   | Killed a deep elf mage
  5682 | Bailey   | Reached skill level 1 in Dodging
  5691 | Bailey   | Noticed a deep elf mage
  5696 | Bailey   | Killed a deep elf mage
  5697 | Bailey   | Noticed a deep elf mage
  5697 | Bailey   | Noticed a deep elf mage
  5697 | Bailey   | Noticed a deep elf mage
  5697 | Bailey   | Noticed a deep elf mage
  5709 | Bailey   | Killed a deep elf mage
  5709 | Bailey   | Reached **** piety under Makhleb
  5720 | Bailey   | Killed a deep elf mage
  5726 | Bailey   | Killed a deep elf mage
  5726 | Bailey   | Reached skill level 5 in Armour
  5730 | Bailey   | Killed a deep elf mage
  5833 | Bailey   | Noticed a deep elf mage
  5845 | Bailey   | Killed a deep elf mage
  5880 | Bailey   | Noticed a deep elf knight
  5896 | Bailey   | Killed a deep elf knight
  5896 | Bailey   | Reached skill level 5 in Fighting
  6103 | D:8      | Reached XP level 11. HP: 73/94 MP: 13/13
  6124 | D:8      | Got a fine spear
  6182 | D:8      | Learned a level 1 spell: Confusing Touch
  6190 | D:8      | Got a slimy lead ring
  6218 | D:8      | Identified the ring "Doqoem" {rPois MR+ Dex+4} (You found
                  | it on level 8 of the Dungeon)
  6239 | D:8      | Identified the +9 lajatang of the Dwarven Hall {flame,
                  | rPois Str+4}
  6331 | D:8      | Gained mutation: You are frail. (-10% HP) [mutagenic glow]
  6409 | D:8      | Lost mutation: You are frail. (-10% HP) [potion of
                  | mutation]
  6409 | D:8      | Gained mutation: Your magical capacity is low. (-10% MP)
                  | [potion of mutation]
  6409 | D:8      | Lost mutation: Your magical capacity is low. (-10% MP)
                  | [potion of mutation]
  6409 | D:8      | Gained mutation: You have supernaturally acute eyesight.
                  | (SInv) [potion of mutation]
  6494 | D:8      | Reached skill level 1 in Staves
  6510 | D:8      | Noticed a white ugly thing
  6516 | D:8      | Killed a white ugly thing
  6516 | D:8      | Reached skill level 2 in Staves
  6901 | D:9      | Noticed Joseph
  6911 | D:9      | Killed Joseph
  6911 | D:9      | Reached skill level 3 in Staves
  7026 | D:9      | Reached ***** piety under Makhleb
  7439 | D:10     | Entered Level 10 of the Dungeon
  7482 | D:10     | Reached skill level 4 in Staves
  7498 | D:10     | Noticed Psyche
  7505 | D:10     | Killed Psyche
  7505 | D:10     | Reached skill level 1 in Necromancy
  7766 | D:10     | Found Ketriutho's Magic Scroll Boutique.
  7774 | D:10     | Bought a scroll of identify for 26 gold pieces
  7774 | D:10     | Bought a scroll of identify for 26 gold pieces
  7907 | D:10     | Noticed a yaktaur captain
  7907 | D:10     | Noticed a fire dragon
  7907 | D:10     | Noticed a great orb of eyes
  7912 | D:10     | Reached skill level 5 in Staves
  7917 | D:10     | Killed a fire dragon
  7925 | D:10     | Killed a great orb of eyes
  7925 | D:10     | Reached skill level 6 in Staves
  7928 | D:10     | Killed a yaktaur captain
  8028 | D:10     | Reached skill level 7 in Staves
  8225 | D:11     | Noticed Erolcha
  8229 | D:11     | Killed Erolcha
  8229 | D:11     | Reached XP level 12. HP: 76/105 MP: 14/14
  8284 | D:11     | Found a staircase to the Orcish Mines.
  8465 | D:11     | Reached skill level 8 in Staves
  8505 | D:11     | Identified the Tome of Axaxaxas mlö
  8522 | D:11     | Identified the Compendium of Sand
  8539 | D:11     | Identified the Compendium of Dhcmrlchtdj
  8603 | D:11     | Noticed Erica
  8610 | D:11     | Killed Erica
  8719 | D:11     | Reached skill level 9 in Staves
  8751 | D:11     | Found a staircase to the Lair.
  8934 | D:11     | Reached skill level 1 in Spellcasting
  9014 | Lair:1   | Entered Level 1 of the Lair of Beasts
  9241 | Lair:1   | Found a sacrificial altar of Ru.
  9311 | Lair:1   | Noticed a four-headed hydra
  9319 | Lair:1   | Killed a one-headed hydra
  9377 | Lair:1   | Reached skill level 10 in Staves
  9509 | Lair:1   | Found a runed translucent gate.
  9509 | Lair:1   | Found a runed translucent gate.
  9509 | Lair:1   | Found a runed translucent gate.
  9512 | Lair:1   | Noticed Meduen's ghost (novice KoEn)
  9523 | Lair:1   | Killed Meduen's ghost
  9955 | Lair:2   | Reached skill level 1 in Hexes
 10987 | Lair:3   | Reached XP level 13. HP: 101/114 MP: 15/15
 11156 | Lair:3   | Found a staircase to the Snake Pit.
 11160 | Lair:3   | Noticed Gastronok
 11172 | Lair:3   | Reached skill level 11 in Staves
 11181 | Lair:3   | Killed Gastronok
 11347 | Lair:3   | Found a staircase to the Shoals.
 12205 | Lair:5   | Noticed Sonja
 12223 | Lair:5   | Noticed Nessos
 12232 | Lair:5   | Killed Sonja
 12234 | Lair:5   | Killed Nessos
 12534 | Lair:5   | Reached skill level 12 in Staves
 12947 | Lair:6   | Entered Level 6 of the Lair of Beasts
 13158 | Lair:6   | Gained mutation: You resist negative energy. (rN+) [Deep
                  | Dwarf growth]
 13158 | Lair:6   | Reached XP level 14. HP: 102/123 MP: 17/17
 13161 | Lair:6   | Reached ****** piety under Makhleb
 13349 | Lair:6   | Found a viscous altar of Jiyva.
 13350 | Lair:6   | Found a staircase to the Slime Pits.
 13402 | Lair:6   | Reached skill level 13 in Staves
 13595 | Lair:6   | Got a smoking lead ring
 13634 | Lair:6   | Identified the ring "Pokisaho" {Wiz rF+ Dex+3} (You found
                  | it on level 6 of the Lair of Beasts)
 13640 | Lair:6   | Learned a level 4 spell: Animate Dead
 14271 | Orc:1    | Entered Level 1 of the Orcish Mines
 14459 | Orc:2    | Entered Level 2 of the Orcish Mines
 14735 | Orc:2    | Found a staircase to the Elven Halls.
 14838 | Orc:2    | Found Reoqasio's Jewellery Emporium.
 14858 | Orc:2    | Reached skill level 5 in Hexes
 15021 | Orc:2    | Found Paeleov's Distillery.
 15023 | Orc:2    | Found Boguseul's General Store.
 15071 | Orc:2    | Gained mutation: Armour fits poorly on your strangely
                  | shaped body. [a neqoxec]
 15127 | Orc:2    | Bought 2 potions of heal wounds for 110 gold pieces
 15127 | Orc:2    | Bought a potion of heal wounds for 55 gold pieces
 15232 | Orc:2    | Reached skill level 5 in Necromancy
 15299 | Orc:2    | Found Teahobba's Book Shop.
 15299 | Orc:2    | Found Waecw's Antique Weapon Boutique.
 15299 | Orc:2    | Found a one-way gate leading to the halls of Pandemonium.
 15646 | Orc:2    | Bought the ring "Nemn" {rElec Str+4 Slay+4} for 1503 gold
                  | pieces
 16151 | D:12     | Found Gyukku's Elemental Accessories.
 16158 | D:12     | Bought a wand of digging (5) for 288 gold pieces
 16345 | D:12     | Reached XP level 15. HP: 108/135 MP: 19/19
 16967 | D:13     | Found a viscous altar of Jiyva.
 17099 | D:13     | Found a frozen archway.
 17109 | IceCv    | Entered an ice cave
 17173 | IceCv    | Got an ichor-stained large shield
 17438 | IceCv    | Noticed a frost giant
 17454 | IceCv    | Killed a frost giant
 17477 | IceCv    | Got a crystal quarterstaff
 17537 | D:13     | Identified the +7 quarterstaff "Feogoiga" {flame, Int+9
                  | Dex-5} (You found it in an ice cave)
 17539 | D:13     | Identified the cursed -11 large shield of the Grey Skies
                  | {rF+} (You found it in an ice cave)
 17866 | D:13     | Reached skill level 10 in Fighting
 17885 | D:13     | Reached skill level 5 in Spellcasting
 17921 | D:13     | Found a gate to the Vaults.
 18252 | Snake:1  | Entered Level 1 of the Snake Pit
 18401 | Snake:1  | Reached skill level 5 in Dodging
 18673 | Snake:1  | Reached skill level 10 in Armour
 18673 | Snake:1  | Reached skill level 10 in Invocations
 18816 | Snake:1  | Noticed a nagaraja
 18825 | Snake:1  | Killed a nagaraja
 18825 | Snake:1  | Reached XP level 16. HP: 146/148 MP: 22/22
 18842 | Snake:1  | Learned a level 1 spell: Apportation
 19228 | Snake:2  | Found a runed translucent gate.
 19229 | Snake:2  | Found a runed translucent gate.
 19236 | Snake:2  | Found a runed translucent gate.
 19236 | Snake:2  | Noticed Chiseanne's ghost (adept SpAs)
 19251 | Snake:2  | You fall into a shaft and drop 1 floor!
 19333 | Snake:3  | Found Ifoostem's Armour Emporium.
 20157 | Snake:2  | Noticed Vashnia
 20228 | Snake:2  | HP: 6/152 [naga sharpshooter/bolt[Vashnia] (6)]
 20228 | Snake:2  | Shot with a bolt by Vashnia

Levels and vault maps discovered:
D:1:      dpeg_arrival_concentric_ovals, layout_rooms,
          hangedman_decor_peaks_small
D:2:      layout_basic
D:3:      layout_loops_ring, bloody_makhleb, first_ration
D:4:      layout_basic, minmay_temple_entry_drinking_statues,
          minmay_misc_feat_five
D:5:      layout_basic, chequers_temple_overflow_statue_of_worship,
          enter_ossuary_5, uniq_grinder, uniq_menkaure
D:6:      layout_basic, ebering_ghost_reflecting_pool
D:7:      layout_cave_pods, serial_shops, shop, grunt_ogre_cave,
          serial_bayou_crossing, uniq_pikel
D:8:      minmay_the_grid_octo_tiled_squarecenter [minmay_the_grid_octo_chip,
          minmay_the_grid_octo_odd_swirl, minmay_the_grid_octo_fan_narrow,
          minmay_the_grid_octo_77,
          minmay_the_grid_square_5x5_megaprize_checkered,
          minmay_the_grid_square_5x5_percent, minmay_the_grid_square_5x5_eight,
          minmay_the_grid_square_5x5_fancy_junction,
          minmay_the_grid_square_5x5_inset], layout_gridville, enter_bailey_7
D:9:      layout_basic, hangedman_abyss_or_decor_clamps,
          minmay_sticks_and_stones
D:10:     layout_long_grid, serial_shops, nicolae_shop_crystal,
          nicolae_zen_rock_garden, wad_scary_box, uniq_psyche, uniq_joseph
D:11:     layout_stronghold, david_lair_shrubbed, david_orc_3,
          bh_hangedman_babel_library, uniq_erica, uniq_erolcha
D:12:     wad_lake_hut, layout_loops_ring, nicolae_elemental_shop
D:13:     layout_loops_ring, grunt_vaults_entry_tiered,
          portal_ice_cave_entry_pillars_1, nrook_uturn, jiyva_altar_1
Lair:1:   layout_long_grid, basic_altar, serial_forest,
          infiniplex_forest_straight_2, infiniplex_forest_lined_room_2,
          infiniplex_forest_lined_2, infiniplex_forest_end_3,
          infiniplex_forest_end_1, infiniplex_forest_clump_small,
          ebering_ghost_rock_garden
Lair:2:   layout_long_grid, minmay_holes, roderic_batcave, grunt_megastairs_3
Lair:3:   layout_big_grid, minmay_shoals_entry_hut,
          minmay_snake_entry_guardpost_small, uniq_gastronok
Lair:4:   layout_hall_layers
Lair:5:   layout_roguey, nicolae_quartered_pool_super, lemuel_fruit_tree,
          uniq_sonja, uniq_nessos
Lair:6:   gammafunk_lair_ancient_temple, layout_small_grid, slime_altar_1,
          kilobyte_rumbling_trees, minmay_lair_oklob_chamber
Snake:1:  layout_onion, guppyfry_library_mini
Snake:2:  layout_misc_corridors, serial_shops, nicolae_shop_crystal,
          gammafunk_ghost_split, grunt_ministairs_9, hangedman_snake_pattern,
          minmay_shop_grove, uniq_vashnia
Snake:3:  layout_cave_town, serial_shops, nicolae_shop_trees
Orc:1:    layout_caves, gammafunk_ghost_grave
Orc:2:    pf_orc_diabolical, layout_caves, minmay_shop_enchanted_jewellery

Skill      XL: |  1  2  3  4  5  6  7  8  9 10 11 12 13 14 15 16 |
---------------+-------------------------------------------------+-----
Axes           | 3 4 5 6 7 |  7.7
Throwing       | 1 3 |  3.0
Polearms       | 4 7 10 11 | 11.8
Invocations    | 2 5 6 7 10 11 | 11.3
Fighting       | 3 5 6 7 9 10 11 | 11.8
Armour         | 5 6 7 8 10 11 | 11.3
Dodging        | 1 2 3 4 5 7 |  7.1
Shields        | 4 |  4.1
Staves         | 7 10 12 13 | 13.1
Necromancy     | 1 2 5 6 |  6.1
Spellcasting   | 1 2 4 5 |  5.6
Hexes          | 1 3 5 6 |  6.1
Stealth        | |  0.5
Evocations     | |  0.4

Action                   |  1- 3 |  4- 6 |  7- 9 | 10-12 | 13-15 | 16-18 || total
-------------------------+-------+-------+-------+-------+-------+-------++-------
Melee: War axe           |    85 |   108 |       |       |       |       ||   193
       Battleaxe         |       |    19 |       |       |       |       ||    19
       Trident           |       |    10 |   300 |   132 |       |       ||   442
       Lajatang          |       |       |       |   283 |   986 |   163 ||  1432
Throw: Stone             |     7 |     3 |       |       |       |       ||    10
       Dart              |       |    11 |     1 |       |       |       ||    12
       Boomerang         |       |     1 |     3 |     2 |       |       ||     6
 Cast: Animate Skeleton  |       |       |       |    21 |    55 |     3 ||    79
       Confusing Touch   |       |       |       |     3 |    17 |       ||    20
       Animate Dead      |       |       |       |       |    17 |     3 ||    20
Invok: Minor Destruction |       |       |    48 |    46 |    28 |       ||   122
       Lesser Servant of |       |       |       |     4 |    12 |       ||    16
       Major Destruction |       |       |       |     1 |     1 |       ||     2
       Greater Servant o |       |       |       |       |       |     1 ||     1
 Abil: Heal Wounds       |       |     1 |     1 |     1 |     1 |       ||     4
Evoke: Wand              |       |       |     1 |       |     1 |       ||     2
  Use: Scroll            |       |       |    17 |    15 |     7 |     2 ||    41
       Potion            |       |       |       |     1 |     1 |       ||     2
 Stab: Distracted        |       |       |       |     2 |    10 |     1 ||    13
       Confused          |       |       |       |     2 |     7 |       ||     9
  Eat: Chunk             |       |     6 |     6 |    18 |    30 |       ||    60
       Ration            |       |       |     1 |       |     1 |     2 ||     4
Armor: Scale mail        |    43 |    52 |    43 |    28 |       |       ||   166
       Fire dragon scale |       |       |       |    51 |   381 |    76 ||   508
Dodge: Dodged            |    45 |    69 |    41 |   128 |   473 |    95 ||   851
Block: Buckler           |       |    17 |     9 |     7 |       |       ||    33
